 Dungeon Crawl Stone Soup version 0.25-a0-492-g44cc58d149 (webtiles) character file.

Game seed: 1005389282911272660, levelgen mode: deterministic

697 kae the Slicer (level 7, -6/36 HPs)
             Began as a Kobold Enchanter on Feb 11, 2020.
             Engulfed by a cloud of flame (18 damage)
             ... on level 5 of the Dungeon.
             The game lasted 00:08:08 (7362 turns).

kae the Slicer (Kobold Enchanter)                   Turns: 7362, Time: 00:08:09

Health: -6/36      AC:  3    Str:  5    XL:     7   Next: 97%
Magic:  13/13      EV: 30    Int: 16    God:
Gold:   243        SH:  0    Dex: 18    Spells: 5/14 levels left

rFire    . . .     SeeInvis .   a - +1 dagger
rCold    . . .     Gourm    .   (shield restricted)
rNeg     . . .     Faith    .   b - +1 robe
rPois    .         Spirit   .   (no helmet)
rElec    .         Reflect  .   (no cloak)
rCorr    +         Harm     .   (no gloves)
MR       .....                  (no boots)
Stlth    +++.......             l - amulet of the acrobat
HPRegen  0.12/turn              p - ring of resist corrosion
MPRegen  0.13/turn              (no ring)

@: acrobat
A: small, carnivore
a: no special abilities


You were on level 5 of the Dungeon.
You were not hungry.

You visited 1 branch of the dungeon, and saw 5 of its levels.

You collected 243 gold pieces.

Inventory:

Hand Weapons
 a - a +1 dagger (weapon)
Armour
 b - a +1 robe (worn)
Jewellery
 g - an uncursed ring of fire
 l - an amulet of the acrobat (around neck)
 p - a ring of resist corrosion (left hand)
Wands
 c - a wand of flame (14)
Scrolls
 e - 2 scrolls of teleportation
 f - 2 scrolls of identify
 h - a scroll of remove curse
 j - a scroll of magic mapping
 k - a scroll of blinking
Potions
 i - 2 potions of agility
 n - a potion of degeneration {unknown}
 o - a potion of might
Comestibles
 d - 7 rations


   Skills:
 * Level 8.0 Short Blades
 - Level 2.4 Dodging
 - Level 4.0 Stealth
 - Level 4.0 Spellcasting
 + Level 5.1 Hexes


You had 5 spell levels left.
You knew the following spells:

 Your Spells              Type           Power        Failure   Level  Hunger
a - Corona                Hex            ###....      1%          1    None
b - Ensorcelled Hibernat  Hex/Ice        ##....       9%          2    ##.....
c - Confusing Touch       Hex            ###.....     6%          3    ###....
d - Tukima's Dance        Hex            ###.....     6%          3    ###....

Your spell library contained the following spells:

 Spells                   Type           Power        Failure   Level  Hunger
 Dazzling Flash           Conj/Hex       ##....       19%         3    ###....


Dungeon Overview and Level Annotations

Branches:
Dungeon (5/15)
 Temple: D:4-7

Altars:
Cheibriados
Fedhas
Kikubaaqudgha
Sif Muna
Vehumet
Wu Jian

Shops:
D:5 =

Annotations:
D:3 2 transporters, MAYHEM's ghost, amateur TrMo
D:5 2 runed translucent doors, exclusion: iron imp


Innate Abilities, Weirdness & Mutations

You are small and have problems with some larger weapons.
You are carnivorous and can eat meat at any time.


Message History

Press < or > to pray at altars.
Really walk into that cloud of flame?
Really walk into a travel-excluded area?
You are engulfed in blazing flames.
Ouch! That really hurt!
d - 7 rations (gained 1)
There are no items here.
There are no items here.
You start resting.
HP restored.
Really walk into a travel-excluded area? [Y]es or [N]o only, please.
Really walk into a travel-excluded area?
You are engulfed in blazing flames.
Ouch! That really hurt!
You see here 17 gold pieces.
You now have 243 gold pieces (gained 17).
You are engulfed in blazing flames.
Ouch! That really hurt!
You die...

#.......#..# #.....#
#(.(......##
#.......#..###.....#
#####.....#
#..................#
#.....##
########...........#
###.....#. #.......☼..○#
##...#.....
##.....)☼.○.####..###...##
#####..._...#..)####(###
#....○☼...#....).##
##..@..##...####..#
######.....### ##.###
#......###.# #..)..
##.#######..# ###..###
#..# ##.#####.....##
###.#######..#.....###..#
#..>.#.........########'#
####.......>...#.........
###.........#.........


There were no monsters in sight!

Vanquished Creatures
  A centaur (D:5)
  An ogre (D:4)
  A howler monkey (D:5)
  A crimson imp (D:5)
  An orc priest (D:4)
  A jelly (D:4)
  A gnoll shaman (D:5)
  An iron imp (D:5)
  A bullfrog skeleton (D:5)
  A centaur skeleton (D:5)
  2 orc wizards
  2 hound skeletons (D:4)
  A howler monkey skeleton (D:4)
  6 adders
  5 gnolls
  A shadow imp (D:4)
  2 worms
  A dart slug (D:2)
  5 leopard geckos
  16 orcs
  6 bats
  5 giant cockroaches
  7 goblins
  5 hobgoblins
  3 jackals (D:2)
  3 quokkas
  4 ball pythons (D:3)
  2 frilled lizards (D:2)
  A jackal skeleton (D:4)
  3 kobolds
  11 rats
101 creatures vanquished.

Vanquished Creatures (others)
  6 gnolls (D:5)
  An ooze (D:5)
  An adder zombie (D:5)
  A dart slug (D:5)
9 creatures vanquished.

Grand Total: 110 creatures vanquished

Notes
Turn   | Place    | Note
-------+----------+-------------------------------------------
     0 | D:1      | kae the Kobold Enchanter began the quest for the Orb.
     0 | D:1      | Reached XP level 1. HP: 10/10 MP: 3/3
   171 | D:1      | Reached skill level 2 in Short Blades
   230 | D:1      | Reached XP level 2. HP: 10/15 MP: 1/5
   471 | D:1      | Learned a level 2 spell: Ensorcelled Hibernation
  1002 | D:2      | Reached XP level 3. HP: 17/19 MP: 6/6
  1074 | D:2      | Found a shimmering blue altar of Sif Muna.
  1115 | D:2      | Reached skill level 3 in Short Blades
  1957 | D:2      | Reached XP level 4. HP: 24/24 MP: 8/8
  2132 | D:2      | Reached skill level 4 in Short Blades
  2321 | D:3      | Found a transporter.
  2321 | D:3      | Found a transporter.
  2321 | D:3      | Noticed MAYHEM's ghost (amateur TrMo)
  2696 | D:2      | Reached XP level 5. HP: 7/28 MP: 3/9
  3454 | D:3      | Reached skill level 5 in Short Blades
  3887 | D:3      | Found a blossoming altar of Fedhas.
  4292 | D:4      | Reached XP level 6. HP: 28/32 MP: 0/11
  4383 | D:4      | Learned a level 3 spell: Confusing Touch
  4387 | D:4      | Learned a level 3 spell: Tukima's Dance
  4762 | D:4      | Noticed an ogre
  4769 | D:4      | Killed an ogre
  4830 | D:4      | Reached skill level 6 in Short Blades
  5036 | D:4      | Reached XP level 7. HP: 14/36 MP: 1/12
  5314 | D:4      | Found an ancient bone altar of Kikubaaqudgha.
  5582 | D:5      | Entered Level 5 of the Dungeon
  5952 | D:5      | Found an ornate altar of the Wu Jian Council.
  6191 | D:5      | Reached skill level 7 in Short Blades
  6433 | D:5      | Found a runed translucent door.
  6434 | D:5      | Noticed a soldier ant
  6455 | D:5      | Found a runed translucent door.
  6493 | D:5      | Found a radiant altar of Vehumet.
  6532 | D:5      | Found a snail-covered altar of Cheibriados.
  6806 | D:5      | Reached skill level 5 in Hexes
  6890 | D:5      | Reached skill level 8 in Short Blades
  7140 | D:5      | Found Qucikkyi's Jewellery Boutique.
  7362 | D:5      | Engulfed by a cloud of flame

Levels and vault maps discovered:
D:1:      evilmike_arrival_plus, layout_basic
D:2:      layout_loops_ring, led_sif_pool
D:3:      layout_basic, fedhas_altar_3, gammafunk_ghost_arena
D:4:      layout_cave_pods, kennysheep_mini_moat, first_ration
D:5:      lemuel_insect_pit, layout_rooms, slow_altar_1,
          nicolae_overflow_crystal_walls, fiery_altar_vehumet, serial_shops,
          shop

Skill      XL: |  1  2  3  4  5  6  7 |
---------------+----------------------+-----
Short Blades   | 2 3 4 5 6 8 |  8.0
Spellcasting   | 3 4 |  4.0
Hexes          | 4 5 |  5.1
Dodging        | |  2.4
Stealth        | |  4.0

Action                   |  1- 3 |  4- 6 |  7- 9 || total
-------------------------+-------+-------+-------++-------
Melee: Dagger            |   160 |   226 |   100 ||   486
 Cast: Corona            |    15 |     2 |     1 ||    18
       Ensorcelled Hiber |       |    58 |    23 ||    81
       Confusing Touch   |       |       |     5 ||     5
  Use: Scroll            |     3 |     5 |     3 ||    11
       Potion            |       |     7 |       ||     7
 Stab: Sleeping          |     5 |    28 |    15 ||    48
       Invisible         |       |     1 |       ||     1
       Distracted        |       |     1 |       ||     1
       Confused          |       |       |     4 ||     4
  Eat: Chunk             |     5 |    16 |     5 ||    26
Armor: Robe              |    28 |    11 |     4 ||    43
       Skin              |       |     4 |       ||     4
Dodge: Dodged            |   128 |   160 |    54 ||   342

Table legend:
 A = Non-vault XP
 B = Vault XP
 C = Vault XP percentage of total XP
 D = Non-vault monster count
 E = Vault monster count
 F = Vault count percentage of total count
                 A         B        C        D         E       F
            +---------+---------+-------+---------+---------+-------
      Total |     957 |      40 |   4.0 |     100 |       1 |   1.0
            +---------+---------+-------+---------+---------+-------
        D:1 |      27 |       0 |   0.0 |      15 |       0 |   0.0
        D:2 |     131 |       0 |   0.0 |      29 |       0 |   0.0
        D:3 |     104 |       0 |   0.0 |      25 |       0 |   0.0
        D:4 |     311 |       0 |   0.0 |      15 |       0 |   0.0
        D:5 |     384 |      40 |   9.4 |      16 |       1 |   5.9
            +---------+---------+-------+---------+---------+-------
